[Event "13th KIIT Festival-A 2022"]
[Site "Bhubaneswar"]
[Date "2022.05.23"]
[Round "2.7"]
[White "Mirzoev, Azer"]
[Black "Ankit Ray"]
[Result "1-0"]
[ECO "E42"]
[WhiteElo "2476"]
[BlackElo "1932"]
[Annotator "TA"]
[PlyCount "75"]
[EventDate "2022.05.15"]
[EventType "swiss"]
[EventCountry "IND"]
[SourceTitle "playchess.com"]
[Source "ChessBase"]
[SourceQuality "1"]
[TimeControl "5400+30"]

1. c4 Nf6 2. Nc3 e6 3. d4 Bb4 4. e3 c5 5. Nge2 b6 6. a3 Ba5 7. g3 (7. Rb1 $5 Qe7 8. d5 $11) 7... Bb7 {[%emt 0:01:23] Against Bg2. E42: Nimzo-Indian: Rubinstein: 4...c5 5 Ne2.} 8. d5 $1 b5 (8... exd5 9. Bg2 $14) 9. Bg2 {[%emt 0:00:20][%cal Bf1g2,Bg2d5,Bd5c4][%mdl 32] next b4 is good for White.} bxc4 {[%emt 0:01:31] White must now prevent ...Bxd5. The position is equal.} 10. O-O exd5 11. Nxd5 Nxd5 12. Bxd5 {[%emt 0:00:16] [#]} Bc6 $146 (12... Nc6 $11) ({Predecessor:} 12... Qb6 13. e4 O-O 14. Be3 Nc6 15. Rb1 Nd4 16. Bxb7 Qxb7 17. Bxd4 cxd4 18. Qxd4 Rfe8 {½-½ (34) Odegov,A (2193)-Karavade,E (2365) Moscow 2019}) 13. Nf4 O-O 14. Bxc4 Bc7 15. Nd5 d6 (15... Be5 $14) 16. Bd2 Nd7 17. Bc3 Bxd5 18. Bxd5 ({Resist} 18. Qxd5 Nb6 19. Qd3 Nxc4 20. Qxc4 Qe7 $14) 18... Rb8 19. Qa4 {[%emt 0:03:18] Prevents Ba5.} Nf6 20. Bg2 {[%emt 0:04:27] White is much more active. This bishop pair is nice.} a5 21. Rfd1 Qd7 22. Qh4 Bd8 (22... Qf5 $142) 23. Qf4 $16 Be7 24. Rd2 Qe6 25. Rad1 d5 26. Bxd5 Nxd5 27. Rxd5 Rb6 28. R1d2 $40 {[%emt 0:10:50][%mdl 128] [#] aiming for Re5. White has strong attack.} Qh3 (28... f6 $142 29. Rd7 Rc8) 29. Qf5 Qxf5 30. Rxf5 a4 31. Rd7 {[%emt 0:03:24] Inhibits Rb7.} Bf6 32. Bxf6 ({Don't do} 32. Rxc5 Bxc3 33. Rxc3 (33. bxc3 Rb3 $18) 33... h6 $18) 32... gxf6 33. Rxc5 Rxb2 $18 {[%emt 0:00:07] KRR-KRR} 34. Ra5 Rc8 35. Rxa4 h5 36. Rf4 Kg7 37. Rd6 Ra2 38. Rdxf6 {[%emt 0:00:47] White took control after the opening.  Weighted Error Value: White=0.11 (very precise) /Black=0.25 (precise)} 1-0

[Event "13th KIIT Festival-A 2022"]
[Site "Bhubaneswar"]
[Date "2022.05.23"]
[Round "2.8"]
[White "Chidvilash Sai Surapaneni"]
[Black "Stupak, Kirill"]
[Result "0-1"]
[ECO "A36"]
[WhiteElo "1912"]
[BlackElo "2440"]
[Annotator "TA"]
[PlyCount "84"]
[EventDate "2022.05.15"]
[EventType "swiss"]
[EventCountry "IND"]
[SourceTitle "playchess.com"]
[Source "ChessBase"]
[SourceQuality "1"]
[TimeControl "5400+30"]

1. c4 g6 2. Nc3 Bg7 3. g3 c5 4. Bg2 Nc6 5. e4 a6 6. Nge2 b5 7. d3 {[%emt 0:06:10] A36: Symmetrical English vs ...g6: 4 Bg2 Bg7.} Rb8 8. O-O d6 9. h3 {[%emt 0:10:27] The position is equal.} e6 10. f4 Nge7 11. Kh2 O-O {[%emt 0:03:39] [#]} 12. Qd2 $146 (12. Rb1 $15) ({Predecessor:} 12. Ng1 bxc4 13. dxc4 Nd4 14. Qd3 Nec6 15. a3 Nb3 16. Rb1 Nxc1 17. Rfxc1 Rb3 18. Qd1 {0-1 (29) Brdar,A (1624)-Knoblauch,L (2114) Augsburg 2013}) 12... Na5 $17 13. Rb1 bxc4 14. d4 cxd4 15. Nxd4 Qb6 16. Rd1 Rd8 17. Nde2 Nec6 18. Qe3 Qc7 19. Bd2 Nb4 20. a3 Nc2 21. Qf2 Nb3 {[%emt 0:00:29] Inhibits Rdc1. Hoping for ...Qc5. 0x0.000a5ab1dee9dp-1022s more active pieces.} 22. Be3 {[%emt 0:00:08] [#] Against Qc5. This move loses the game for White.} (22. f5 $17) 22... Nxe3 $19 23. Qxe3 Qc5 24. Qf3 Bb7 25. Nc1 Bc6 ({Don't blunder} 25... Nd4 $2 26. Qe3 $19) 26. N1a2 a5 27. Qe2 d5 {[%emt 0:03:16] Threatens to win with ...d4.} 28. e5 Qb6 29. h4 Nd4 30. Qf2 Nf5 31. Qxb6 Rxb6 32. Rd2 Rdb8 33. g4 (33. a4 $142) 33... Nxh4 34. Bh1 g5 35. fxg5 Bxe5+ 36. Kh3 Ng6 37. Rc2 Nf4+ 38. Kh4 Nd3 39. Nd1 Nxb2 40. Nxb2 Rxb2 41. Rbxb2 Rxb2 42. Rxb2 Bxb2 {[%emt 0:00:04] Weighted Error Value: White=0.58/Black=0.04 (flawless)} 0-1

[Event "13th KIIT Festival-A 2022"]
[Site "Bhubaneswar"]
[Date "2022.05.23"]
[Round "2.9"]
[White "Rahman, Ziaur"]
[Black "Soni, Krishan"]
[Result "1-0"]
[ECO "A06"]
[WhiteElo "2431"]
[BlackElo "1904"]
[Annotator "TA"]
[PlyCount "109"]
[EventDate "2022.05.15"]
[EventType "swiss"]
[EventCountry "IND"]
[SourceTitle "playchess.com"]
[Source "ChessBase"]
[SourceQuality "1"]
[TimeControl "5400+30"]

1. b3 d5 2. Bb2 Nf6 3. Nf3 c5 4. e3 Nc6 5. Bb5 Bd7 6. O-O e6 7. Bxc6 Bxc6 {[%emt 0:00:04] A06: Réti Opening: 1 Nf3 d5.} 8. Ne5 Rc8 9. d3 Bd6 {[%emt 0:00:30] The position is equal.} 10. Nd2 {[%emt 0:01:24] [#]} Qc7 $146 ({Predecessor:} 10... O-O 11. f4 Nd7 12. Qg4 g6 13. Ndf3 Qe7 14. Ng5 f5 15. Qg3 Nxe5 16. Bxe5 Bxe5 17. fxe5 {1-0 (37) Nakamura,H (2736)-Grigoriants,S (2542) Chess.com INT 2020}) 11. f4 b5 (11... Be7 $11) 12. Nxc6 $16 {[%emt 0:06:42] White is more active.} Qxc6 13. a4 b4 (13... a6 $142) 14. Bxf6 gxf6 15. e4 (15. Qh5 $16) 15... Kd7 (15... h5 $11 {keeps the balance.}) 16. Qh5 Rcf8 17. exd5 Qxd5 18. Qxd5 (18. f5 $1 $16) 18... exd5 $11 19. g3 Rfg8 20. Kh1 h5 {[%emt 0:01:03] And now ...h4 would win.} 21. Nf3 Re8 22. Rf2 Re3 (22... f5 $14) 23. Kg2 ({White should try} 23. Nh4 $16) 23... Rhe8 (23... f5 $11 {remains equal.}) 24. Rd1 f5 25. d4 ({White should play} 25. Rdd2 $14) 25... c4 $1 26. Ne5+ Bxe5 27. dxe5 {[%emt 0:00:32][%mdl 4096] Endgame KRR-KRR} Kc6 28. bxc4 dxc4 29. Rfd2 Rc8 30. Kh3 Rc3 (30... Ra3 $11) 31. Kh4 $1 $16 b3 {[%emt 0:01:32] [#]} 32. cxb3 cxb3 33. Kg5 (33. Kxh5 $5 Rg8 34. Rd6+ Kc5 35. Rd7 $11) 33... Kc5 {[%emt 0:01:13] [#]} 34. Rd7 $1 (34. Kxf5 $6 Kb4 $11) 34... a5 $2 {[%emt 0:07:42][%mdl 8192] Black cannot hold the game after this.} (34... Kb4 $16 {keeps fighting.}) 35. Rb7 $18 ({Stronger than} 35. Kxf5 Kb4 $14) (35. Rxf7 h4 $18) 35... Kc4 36. Kxf5 ({Inferior is} 36. Rxf7 b2 37. Rb1 (37. Kxf5 Rc1 $17) 37... Rb8 $11) 36... Rc6 37. Ke4 {[%emt 0:04:54] White threatens Rd4+ and mate.} Rc2 38. Rd4+ Kc3 39. Rd3+ Kc4 40. Rbxb3 Re2+ 41. Kf5 Rc2 {[%emt 0:00:10] Against Rdc3+} 42. Rf3 Rc7 43. Kf6 Ra7 44. f5 Rxh2 45. Rb5 Ra2 46. Rf4+ Kc3 47. e6 fxe6 48. fxe6 Re2 49. Rxh5 Ra8 50. Rc5+ Kb3 51. Rd5 (51. Re5 $142 Rf8+ 52. Ke7 Rxe5 53. Rxf8 Kxa4 54. Kf6) 51... Rf8+ 52. Ke7 Rxf4 53. gxf4 {[%emt 0:00:05] White mates.} Kxa4 54. Kd7 Kb4 55. e7 {[%emt 0:00:06] Weighted Error Value: White=0.16 (very precise) /Black=0.55} 1-0

[Event "13th KIIT Festival-A 2022"]
[Site "Bhubaneswar"]
[Date "2022.05.23"]
[Round "2.10"]
[White "Ayush Jha"]
[Black "Laxman, R.R."]
[Result "0-1"]
[ECO "A46"]
[WhiteElo "1900"]
[BlackElo "2420"]
[Annotator "TA"]
[PlyCount "108"]
[EventDate "2022.05.15"]
[EventType "swiss"]
[EventCountry "IND"]
[SourceTitle "playchess.com"]
[Source "ChessBase"]
[SourceQuality "1"]
[TimeControl "5400+30"]

1. d4 Nf6 2. Nf3 e6 3. g3 b5 4. Bg2 Bb7 5. O-O c5 6. a4 b4 7. c4 cxd4 {[%emt 0:03:00] A46: 1 d4 Nf6 2 Nf3 e6: Torre, London and Colle Systems.} 8. Nxd4 {[%emt 0:03:31] 8.Qxd4 injects fresh life into this line.} Bxg2 9. Kxg2 d5 {[%emt 0:02:16] The position is equal.} 10. b3 {[%emt 0:01:24] [#]} (10. Nb3 $11 {keeps the balance.}) 10... Bc5 $146 ({Better is} 10... dxc4 $1 $17 {...c3 is the strong threat.} 11. bxc4 Be7) ({Predecessor:} 10... dxc4 11. bxc4 Nbd7 12. Bb2 Qc7 13. Nd2 Nc5 14. N2f3 Be7 15. Nb5 Qc6 16. Kg1 Rd8 {0-1 (47) Lodhi,M (2330)-Ghaem Maghami,E (2591) Teheran 2014}) 11. Bb2 dxc4 12. bxc4 Bxd4 13. Bxd4 Nc6 (13... Qc7 {looks sharper.} 14. Nd2 e5 15. Be3 O-O) 14. Bb2 O-O 15. Nd2 Qe7 16. e3 Rfd8 {[%emt 0:01:36] aiming for ...Ne4.} 17. Qe2 e5 18. Rfd1 Qe6 {[%emt 0:01:24] Black is more active.} 19. c5 Rd5 20. Rac1 Rad8 {[%emt 0:00:20] Strongly threatening ...Qd7.} 21. Nf3 {[%emt 0:01:20] White does not recover from this.} (21. e4 $17 {was the only chance.} Rd3 22. Nf3 Rxd1 23. Rxd1 Rxd1 24. Qxd1) 21... Ne4 $19 22. Qc2 Rxd1 23. Rxd1 Rxd1 24. Qxd1 f6 (24... Nxc5 25. Nxe5 h6 26. Nf3 $17) 25. Qd3 Nxc5 26. Qb5 Qd5 27. e4 Qd6 (27... Qxe4 28. Qxc5 h6 29. h4 $14) 28. Nd2 (28. Bc1 $17) 28... a6 (28... Qxd2 29. Qxc6 Nd7 30. a5 $17) 29. Qb6 (29. Qc4+ $142 Kf8 30. Nf3) 29... Nxa4 ({Weaker is} 29... Qxd2 30. Qxc6 Nd7 31. Qxa6 $11) 30. Qxa6 Nxb2 {[%emt 0:00:13] Pair of Knights!} (30... Qxd2 31. Qxc6 h6 32. Qe6+ Kh7 33. Qf5+ g6 34. Qxf6 Nxb2 35. Qf7+ Kh8 36. Qf8+ Kh7 37. Qf7+ Kh8 38. Qf8+ Kh7 39. Qf7+ $11) 31. Qa2+ Kh8 32. Qxb2 {[%emt 0:00:13][%mdl 4096] Endgame KQN-KQN} h6 33. Qa2 Nd4 {[%emt 0:01:13] Threatens to win with ...Kh7.} 34. Qf7 $2 (34. Qa4) 34... Qb8 35. h4 b3 36. h5 b2 37. f3 Qa8 (37... Qc8 $142 38. Nb1 Ne6) 38. Kf2 Qc8 39. Kg2 f5 ({And not} 39... Qc2 40. Qe8+ Kh7 41. Qg6+ Kh8 42. Qe8+ Kh7 43. Qg6+ Kh8 44. Qe8+ $11) 40. exf5 Qxf5 ({Not} 40... Qc2 41. Qe8+ Kh7 42. Qg6+ Kh8 43. Qe8+ Kh7 44. Qg6+ Kh8 45. Qe8+ $11) 41. Qxf5 Nxf5 {[%emt 0:00:02] KN-KN} 42. Kf2 Nd6 43. Nb1 (43. g4 $142 Nb5 44. Nb1) 43... Kg8 {[%emt 0:00:37] Hoping for ...e4.} 44. Ke2 e4 45. fxe4 Nxe4 46. Kf3 Nf6 47. g4 Kf7 48. Kf4 Ke6 49. g5 Nxh5+ {[%emt 0:01:07] Black mates.} 50. Kg4 {[%emt 0:00:07] [#]} hxg5 $1 51. Kxg5 Nf6 52. Na3 Kd5 53. Kg6 Ne8 54. Nb5 b1=Q+ {[%emt 0:00:08] Weighted Error Value: White=0.94/Black=0.27 (precise)} 0-1

[Event "13th KIIT Festival-A 2022"]
[Site "Bhubaneswar"]
[Date "2022.05.23"]
[Round "2.11"]
[White "Azaladze, Shota"]
[Black "Mahendra Teja Mekala"]
[Result "1-0"]
[ECO "A09"]
[WhiteElo "2420"]
[BlackElo "1871"]
[Annotator "TA"]
[PlyCount "113"]
[EventDate "2022.05.15"]
[EventType "swiss"]
[EventCountry "IND"]
[SourceTitle "playchess.com"]
[Source "ChessBase"]
[SourceQuality "1"]
[TimeControl "5400+30"]

1. Nf3 Nf6 2. g3 d5 3. Bg2 c5 4. O-O g6 5. c4 d4 6. e3 Nc6 7. exd4 cxd4 8. d3 Bg7 9. Na3 {[%emt 0:03:06] A09: Réti Opening: 1 Nf3 d5 2 c4.} O-O 10. Re1 Nd7 11. Nc2 {[%emt 0:00:59] The position is equal.} Nc5 12. b4 Nxd3 13. Qxd3 Bf5 {[%emt 0:00:00] [#]} 14. Qd2 $146 ({Predecessor:} 14. Qb3 d3 15. Bb2 Bxb2 16. Qxb2 dxc2 17. Ne5 Qd4 18. Qxd4 Nxd4 19. c5 Rab8 20. Bd5 {0-1 (30) Belezky,A (2375)-Baburin,A (2600) Andorra 1998}) 14... d3 {[%emt 0:00:00][%mdl 64] Discovered Attack} 15. Ne3 Bxa1 16. Nxf5 gxf5 17. b5 Nd4 (17... Na5 $11 18. Qg5+ Bg7) 18. Qxd3 $14 Rc8 (18... Nxf3+ $14 19. Qxf3 Qa5) 19. Bg5 (19. Ba3 $1 $16 Nxf3+ 20. Qxf3) 19... Nxf3+ $1 20. Qxf3 Bg7 (20... Qd4 $142) 21. Qxf5 {[%emt 0:02:34] White is more active.} ({Reject} 21. Qxb7 $6 Rxc4 22. Qxa7 (22. Qxe7 Qb6 $11) 22... Bc3 $14) (21. Bxe7 $16 Re8 22. Bxd8 (22. Qxf5 Qd2 $16) 22... Rxe1+ 23. Bf1 Rxd8 24. Kg2 (24. Qxb7 Rdd1 $11)) 21... e6 $11 22. Qg4 (22. Qf4 $5 Qd4 23. Rc1 $15) 22... Qd4 23. Qh3 Rxc4 24. Bxb7 ({White should play} 24. Be4 $15 f5 25. Bxb7) 24... Rc2 (24... Qc5 $19 25. Be3 Qxb5) 25. Be3 $15 Qb4 (25... Qa4 $15) 26. Rd1 $11 Rxa2 27. Bc6 (27. Qh5 $11) 27... Ra1 (27... Qa4 $17 28. Qh5 a6) 28. Rxa1 Bxa1 29. Bxa7 {[%emt 0:00:34] This bishop pair is nice.} Rd8 {[%emt 0:00:46] Threatens to win with ...Rd1+.} 30. Qh5 {[%emt 0:01:36] Prevents Rd1+.} Qe1+ 31. Kg2 {[%emt 0:00:03] Black must now prevent Qg5+.} Rd1 32. Kh3 $40 {[%emt 0:02:46][%mdl 128] Strongly threatening Be3. White attacks. The board is on fire.} Qf1+ 33. Bg2 Qd3 34. b6 Bd4 {[%emt 0:00:47][%cal Od3g6] Hoping for ...Qg6!} 35. Qg4+ (35. Be4 $11 Qf1+ 36. Bg2) 35... Kf8 $2 {[%emt 0:00:37] [#]} (35... Qg6 $1 $19 36. f4 (36. Qxd1 {gets mated.} Qh6+ 37. Kg4 f5+ 38. Kf3 Qh5+ 39. Kf4 e5#) 36... Rb1) 36. Bb8 $1 $16 {[%emt 0:00:34] Intending Bd6+ and mate.} Bxb6 37. Qb4+ Kg8 {[%emt 0:00:10] And now ...Qf5+ would win.} 38. Qxb6 Rb1 39. Qd6 Qf5+ 40. g4 Rb3+ 41. f3 Qf6 42. Qf4 Qxf4 43. Bxf4 f6 {[%emt 0:00:13] Prevents Be5.} 44. Kg3 e5 45. Bh6 e4 {[%emt 0:00:20] [#]} (45... Kf7 $16 {keeps fighting.} 46. h4 Kg6) 46. h4 $1 $18 Kf7 47. h5 e3 $2 (47... Rc3 48. Kf4 Rc2) 48. Bf1 {[%emt 0:00:08] Bc4+ is the strong threat. White is clearly winning.} Rc3 {[%emt 0:00:23] Prevents Bc4+.} 49. Kf4 Ke6 50. Ke4 Rc1 51. Be2 f5+ (51... Kf7 $142 52. Bxe3 Rc8) 52. gxf5+ Kf6 53. Bxe3 Re1 54. Bd4+ Ke7 55. Ke3 Rc1 56. Bd3 Kf7 57. h6 {[%emt 0:00:04] Weighted Error Value: White=0.26 (precise) /Black=0.36} 1-0

[Event "13th KIIT Festival-A 2022"]
[Site "Bhubaneswar"]
[Date "2022.05.23"]
[Round "2.12"]
[White "Baghirova, Khatun"]
[Black "Nitin, S.."]
[Result "0-1"]
[ECO "B90"]
[WhiteElo "1866"]
[BlackElo "2399"]
[Annotator "TA"]
[PlyCount "54"]
[EventDate "2022.05.15"]
[EventType "swiss"]
[EventCountry "IND"]
[SourceTitle "playchess.com"]
[Source "ChessBase"]
[SourceQuality "1"]
[TimeControl "5400+30"]

1. e4 c5 2. Nf3 d6 3. d4 cxd4 4. Nxd4 Nf6 5. Nc3 a6 6. a4 e5 7. Nb3 Be6 {[%emt 0:00:12] 7...Be7 is the hot move.} 8. Be2 Nc6 {[%emt 0:00:21] B90: Sicilian Najdorf: Unusual White 6th moves, 6 Be3 Ng4 and 6 Be3 e5.} 9. O-O Nb4 10. Be3 Rc8 {[%emt 0:07:24] Black has an edge.} 11. Bf3 Be7 12. a5 O-O {[%emt 0:07:18] [#]} 13. Ra4 $146 (13. Re1 $11) ({Predecessor:} 13. Qd2 d5 14. exd5 Nfxd5 15. Nxd5 Nxd5 16. Bxd5 Qxd5 17. Rfc1 Qb5 18. Bg5 Rfd8 19. Qe3 {0-1 (51) Yadav,A (1114)-Lopez Godinez,O Tornelo INT 2021}) 13... d5 $15 14. Bc5 Rxc5 $19 ({Stronger than} 14... Bxc5 15. Nxc5 Rxc5 16. Rxb4 $17) 15. Rxb4 {[%emt 0:05:36] [#]} Rc7 16. Ra4 d4 17. Nb1 Qd7 18. Ra1 Rfc8 19. c3 (19. Nc1 {only move.}) 19... Qb5 20. N1d2 dxc3 21. bxc3 Rxc3 22. Rb1 Qd7 {[%emt 0:02:30] [#] Prevents Nd4. aiming for ...Rd3.} 23. h3 (23. Be2 {is a better defense.}) 23... Rd3 {[%emt 0:01:11] Black is clearly winning.} 24. Be2 Bxb3 25. Nxb3 Rxd1 26. Rfxd1 Qa4 27. f3 h6 {[%emt 0:00:30] Black took control after the opening.  Weighted Error Value: White=0.82/Black=0.02 (flawless)} 0-1

[Event "13th KIIT Festival-A 2022"]
[Site "Bhubaneswar"]
[Date "2022.05.23"]
[Round "2.13"]
[White "Aditya P Melani"]
[Black "Gusain, Himal"]
[Result "0-1"]
[ECO "A20"]
[WhiteElo "1855"]
[BlackElo "2396"]
[Annotator "TA"]
[PlyCount "56"]
[EventDate "2022.05.15"]
[EventType "swiss"]
[EventCountry "IND"]
[SourceTitle "playchess.com"]
[Source "ChessBase"]
[SourceQuality "1"]
[TimeControl "5400+30"]

1. c4 e5 2. g3 c6 3. Nc3 d5 4. d4 e4 5. Bg2 Bb4 6. Qb3 {[%emt 0:05:56] A20: English Opening: 1...e5.} Ba5 7. Nh3 h6 8. O-O {[%emt 0:04:07][%cal Rc4d5] The position is equal.} Nf6 {[%emt 0:00:27] [#]} 9. Qa3 $146 (9. cxd5 $11 cxd5 10. Nf4) ({Predecessor:} 9. cxd5 cxd5 10. Nf4 Bxc3 11. bxc3 O-O 12. f3 Nc6 13. fxe4 dxe4 14. e3 b6 15. Ba3 {½-½ (52) Movsesian,S (2688)-Grandelius,N (2572) Wijk aan Zee 2013}) 9... dxc4 $15 10. Bf4 Na6 11. Bd6 {[%emt 0:08:08] Inhibits Bb4.} Bc7 12. Bxc7 (12. Be5 $1 $11 {remains equal.}) 12... Nxc7 $17 13. Qc5 Ne6 $36 {[%emt 0:00:11][%mdl 2048] Black has strong initiative.} 14. Qxc4 Qxd4 15. Qxd4 Nxd4 16. Rfd1 Nf5 {[%emt 0:00:09] Black is more active.} 17. Nxe4 Nxe4 18. Bxe4 {[%emt 0:00:01] [#]} Nxg3 $1 19. hxg3 Bxh3 20. Rd3 Be6 21. Rd4 Ke7 22. Rb4 Rab8 23. a4 {[%emt 0:00:56] [#] White does not recover from this.} (23. Kg2 $17 {was necessary.}) 23... c5 $1 $19 24. Rxb7+ Rxb7 25. Bxb7 Rb8 26. Ba6 Rxb2 {[%emt 0:00:13] And now ...c4 would win.} 27. Kf1 $2 (27. Bb5) 27... c4 {[%emt 0:00:26] White must now prevent ...Rb6.} 28. Rc1 Rb6 {[%emt 0:00:12] Weighted Error Value: White=0.36/Black=0.07 (flawless)} 0-1

[Event "13th KIIT Festival-A 2022"]
[Site "Bhubaneswar"]
[Date "2022.05.23"]
[Round "2.14"]
[White "Audi Ameya"]
[Black "Ghosh Samriddhaa"]
[Result "1-0"]
[ECO "A13"]
[WhiteElo "2389"]
[BlackElo "1844"]
[Annotator "TA"]
[PlyCount "51"]
[EventDate "2022.05.15"]
[EventType "swiss"]
[EventCountry "IND"]
[SourceTitle "playchess.com"]
[Source "ChessBase"]
[SourceQuality "1"]
[TimeControl "5400+30"]

1. c4 e6 2. g3 d5 3. Bg2 Nf6 4. Nf3 dxc4 5. Qa4+ Bd7 6. Qxc4 {[%emt 0:00:03] A13: English Opening: 1...e6.} c5 7. Ne5 Qc8 8. Nxd7 {[%emt 0:04:47] The position is equal.} Nbxd7 (8... Qxd7 $11 9. Nc3 Nc6) 9. O-O Bd6 10. Nc3 O-O {[%emt 0:07:32] [#]} 11. Qb3 $146 ({Predecessor:} 11. d3 a6 12. a4 Ne5 13. Qb3 Nc6 14. Bg5 Nd7 15. a5 Qc7 16. Qa4 Rfc8 17. Rfc1 {1-0 (40) Zylka,S (2336)-Sernecki,F (2260) Suwalki 2019}) 11... Nb6 12. d3 Rd8 13. Nb5 Bb8 (13... Nbd5 $14) 14. Bg5 $16 Nbd5 15. Rfc1 a6 16. Nc3 Rd7 17. Na4 {[%emt 0:12:33] [#] And now Bxf6 would win.} Ba7 18. d4 Rc7 19. dxc5 h6 20. Bd2 Bxc5 (20... Nd7 {was worth a try.} 21. e4 N5f6) 21. e4 ({Don't do} 21. Rxc5 $6 Rxc5 22. Nxc5 Qxc5) 21... Ne7 22. Nxc5 Rxc5 23. Rxc5 Qxc5 24. Qxb7 Ra7 {[%emt 0:01:40] [#]} (24... Re8 25. Rc1 Qd6) 25. Qb8+ $18 Kh7 26. Be3 {[%emt 0:00:15] Weighted Error Value: White=0.03 (flawless) /Black=0.22 (precise)} 1-0

[Event "13th KIIT Festival-A 2022"]
[Site "Bhubaneswar"]
[Date "2022.05.23"]
[Round "2.15"]
[White "Velpula Sarayu"]
[Black "Karthikeyan, P.."]
[Result "1/2-1/2"]
[ECO "B23"]
[WhiteElo "1845"]
[BlackElo "2361"]
[Annotator "TA"]
[PlyCount "64"]
[EventDate "2022.05.15"]
[EventType "swiss"]
[EventCountry "IND"]
[SourceTitle "playchess.com"]
[Source "ChessBase"]
[SourceQuality "1"]
[TimeControl "5400+30"]

1. e4 c5 2. Nc3 d6 3. d4 cxd4 4. Qxd4 Nc6 5. Qd2 g6 6. b3 {[%emt 0:00:30] B23: Closed Sicilian: Lines without g3.} Bh6 7. f4 Nf6 8. Bb2 {[%emt 0:00:30] The position is equal.} O-O 9. O-O-O e5 {[%emt 0:00:30] The main line 9...e5 scores better than 9...a5.} 10. g3 Re8 11. Kb1 Nd4 12. Qf2 Bg4 13. Re1 {[%emt 0:00:30] [#]} Rc8 $146 {[%emt 0:00:30] [#] ...Qa5 is the strong threat.} ({Predecessor:} 13... Bd7 14. Nf3 Bg7 15. Bg2 Qa5 16. Rd1 Bg4 17. Nxd4 Bxd1 18. Ndb5 Bh5 19. Nxd6 Ng4 {1-0 (35) Mingarro Carceller,S (2309)-Dhananjay,S (2174) Benidorm 2021}) 14. h3 Bd7 15. Nf3 Bg7 16. fxe5 ({Much worse is} 16. Nxd4 exd4 17. Nd5 Nxe4 18. Rxe4 Rxe4 $19) 16... dxe5 17. Bd3 Bc6 18. Rhf1 Qd7 19. g4 b5 20. Nd1 Rcd8 (20... Nxf3 $11 {remains equal.} 21. Qxf3 h6) 21. Nxd4 $16 exd4 22. e5 Nd5 23. Qxd4 ({Much weaker is} 23. Bxd4 Nb4 24. Bb2 Nxd3 25. cxd3 Qxd3+ 26. Ka1 Qd7 $15) 23... Qb7 24. Qg1 ({White should try} 24. Nc3 $16) 24... Nb4 $1 $11 {[%emt 0:00:30][%mdl 1024] Black has compensation.} 25. Nf2 Bd5 (25... Qa6 26. a3 Nxd3 27. Nxd3 $16) (25... Bg2 $1 $11 {was preferrable.}) 26. g5 Qc6 ({Don't take} 26... Qa6 27. a3 Nxd3 28. Nxd3 $14) 27. Qh2 a5 28. Qf4 Nxd3 29. Nxd3 Be6 30. Nf2 a4 31. Ne4 axb3 32. axb3 Bf5 {[%emt 0:00:30] Weighted Error Value: White=0.09 (flawless) /Black=0.11 (very precise)} 1/2-1/2

[Event "13th KIIT Festival-A 2022"]
[Site "Bhubaneswar"]
[Date "2022.05.23"]
[Round "2.16"]
[White "Abdyjapar, Asyl"]
[Black "Jaiveer Mahendru"]
[Result "1-0"]
[ECO "A45"]
[WhiteElo "2346"]
[BlackElo "1832"]
[Annotator "TA"]
[PlyCount "65"]
[EventDate "2022.05.15"]
[EventType "swiss"]
[EventCountry "IND"]
[SourceTitle "playchess.com"]
[Source "ChessBase"]
[SourceQuality "1"]
[TimeControl "5400+30"]

1. d4 Nf6 2. Bg5 d5 3. e3 Ne4 4. Bf4 c5 5. Nd2 Bf5 6. Ngf3 {[%emt 0:08:41] A45: Trompowsky Attack.} (6. Bxb8 $5 Rxb8 7. Bb5+ Bd7 8. Bxd7+ Qxd7 9. Nxe4 dxe4 10. dxc5 $11) 6... e6 7. Nxe4 Bxe4 8. c3 {[%emt 0:05:15] The position is equal.} Nd7 {[%emt 0:04:14] [#]} 9. Qb3 $146 ({Predecessor:} 9. Nd2 Bg6 10. Be2 Be7 11. O-O O-O 12. Nf3 Qb6 13. Qb3 c4 14. Qxb6 axb6 15. a3 {0-1 (51) Bendayan Claros,A (2188)-Marcziter,D (2243) Chess.com INT 2021}) 9... Qb6 10. Qxb6 axb6 11. Nd2 (11. Bb5 $14 {is more appropriate.}) 11... Bg6 12. Bb5 Be7 13. O-O Bf6 14. Rfe1 Kd8 (14... Ke7 $14) 15. a4 $16 e5 16. dxe5 {[%emt 0:02:04] White is more active.} Bxe5 17. Bxe5 (17. Nf1 $142) 17... Nxe5 18. e4 dxe4 19. Nxe4 f6 {[%emt 0:17:41] [#]} 20. Ng5 $1 Kc8 (20... Rg8 21. f4) 21. Ne6 Bf7 (21... Rg8 $16) 22. Nxg7 $18 Rg8 23. f4 Nf3+ (23... Rxg7 {was necessary.} 24. fxe5 fxe5) 24. gxf3 Rxg7+ 25. Kf2 {[%emt 0:00:10] [#] Black must now prevent Re7.} Rg8 26. Re7 Bb3 27. Rg1 Kb8 $2 (27... Rxg1 28. Kxg1 Ra7 29. Bd7+ (29. Rxh7 Bxa4 30. Bxa4 Rxa4 $18) 29... Kd8 30. Rxh7 Bxa4) 28. Rxh7 {[%emt 0:01:14] White is clearly winning.} Ka7 29. Rxg8 Bxg8 30. Rh8 f5 31. Kg3 c4 32. Kh4 Bh7 33. Rxa8+ {[%emt 0:00:17] Weighted Error Value: White=0.17 (very precise) /Black=0.43} 1-0